 Dungeon Crawl Stone Soup version 0.18.1-8-gdd0e5ea (webtiles) character file.

179 Gargoyl the Skirmisher (level 5, -1/42 HPs)
             Began as a Demonspawn Abyssal Knight on May 24, 2016.
             Was a Believer of Lugonu.
             Killed by nerve-wracking pain
             ... invoked by an orc priest
              (8 damage)
             ... on level 3 of the Dungeon.
             The game lasted 00:04:49 (3641 turns).

Gargoyl the Skirmisher (Demonspawn Abyssal Knight)  Turns: 3641, Time: 00:04:50

Health: -1/42      AC:  6    Str: 14    XL:     5   Next: 33%
Magic:  6/6        EV: 13    Int: 13    God:    Lugonu [**....]
Gold:   191        SH:  0    Dex: 12    Spells: 0 memorised, 4 levels left

rFire  . . .     SeeInvis .     t - +0 hand axe (flame)
rCold  . . .     Gourm    .     s - +0 scale mail
rNeg   . . .     Faith    .     (no shield)
rPois  .         Spirit   .     (helmet restricted)
rElec  .         Dismiss  .     (no cloak)
rCorr  .         Reflect  .     (no gloves)
SustAt .         Harm     .     (no boots)
MR     .....                    r - amulet of rage
Stlth  ++........               h - ring of stealth
                                e - +3 ring of evasion

@: flying, not resistant to hostile enchantments, unstealthy
A: antennae 2, talons 2
a: Depart the Abyss, Bend Space, Renounce Religion, Evoke Berserk Rage


You were on level 3 of the Dungeon.
You worshipped Lugonu.
Lugonu was pleased with you.
You were hungry.

You visited 1 branch of the dungeon, and saw 3 of its levels.
You visited the Abyss 1 time.

You collected 191 gold pieces.

Inventory:

Hand Weapons
 t - a +0 hand axe of flaming (weapon)
Armour
 s - a +0 scale mail (worn)
Jewellery
 e - a +3 ring of evasion (left hand)
 h - a ring of stealth (right hand)
 r - an amulet of rage (around neck)
Scrolls
 f - a scroll of enchant armour {unknown}
 g - 4 scrolls of identify {unknown}
 i - a scroll of noise {unknown}
 j - 4 scrolls of amnesia {unknown}
 l - 2 scrolls of remove curse {unknown}
 m - a scroll of blinking {unknown}
 o - 3 scrolls of recharging {unknown}
Potions
 d - a potion of flight
 n - 2 potions of experience {unknown}
 p - 2 potions of curing {unknown}
 q - a potion of heal wounds {unknown}
Comestibles
 b - a slice of pizza
 c - 2 bread rations
 k - a beef jerky


   Skills:
 + Level 3.7 Fighting
 + Level 2.2 Axes
 + Level 2.6 Armour
 + Level 2.6 Dodging
 + Level 2.0 Stealth
 + Level 2.6 Invocations


You had 4 spell levels left.
You didn't know any spells.

Dungeon Overview and Level Annotations

Branches:
Dungeon (3/15)

Altars:


Innate Abilities, Weirdness & Mutations

You have a pair of antennae on your head.
You have razor-sharp toenails.


Message History

The orc priest hits you.
* * * LOW HITPOINT WARNING * * *
The bat hits you but does no damage. The orc closely misses you.
You hit the orc priest but do no damage.
You claw the orc priest, but do no damage.
The orc priest is severely wounded.
You hit the orc but do no damage.
The orc is heavily wounded.
You hit the bat. You burn the bat.
You kill the bat!
Lugonu accepts your kill. The orc priest barely misses you. The orc hits you.
* * * LOW HITPOINT WARNING * * *
Drink which item? (? for menu, Esc to quit)
It was a potion of flight.
You feel very buoyant.
You fly up into the air.
The orc priest mumbles some strange prayers to Beogh against you.
Pain shoots through your body!
You die...

##+## ##...## ##.....##
##.##### ##.......##
##.. ...#
#......%..####...###.##
+.........+>...........
#.....o...# #........##
#....@†.# #..).#.#.#
##...†o## #..#.....#
##...## #......#.#
##'## #...##.#.# #.#
#...##.#.# #.#
#......>.# ##.##
#......### ##...####
###.#### #.......## #.#


You could see an orc priest and an orc.

Vanquished Creatures
  Terence (D:2)
  4 gnolls
  7 adders
  A dart slug (D:1)
  2 giant geckos (D:2)
  5 orcs (D:3)
  A giant cockroach (D:2)
  5 goblins
  6 hobgoblins
  6 bats
  3 giant newts (D:2)
  8 kobolds
  2 rats
51 creatures vanquished.

Notes
Turn   | Place    | Note
--------------------------------------------------------------
     0 | Abyss:1  | Gargoyl the Demonspawn Abyssal Knight began the quest for the Orb.
     0 | Abyss:1  | Reached XP level 1. HP: 18/18 MP: 2/2
   141 | Abyss:1  | Noticed a small abomination
   151 | Abyss:1  | Noticed a thrashing horror
   153 | D:1      | Escaped the Abyss
   557 | D:1      | Reached skill level 1 in Dodging
   579 | D:1      | Gained mutation: You have sharp toenails. [demonic ancestry]
   579 | D:1      | Reached XP level 2. HP: 22/24 MP: 3/3
   756 | D:1      | Reached * piety under Lugonu
  1639 | D:2      | Gained mutation: You have a pair of small antennae on your head. [demonic ancestry]
  1639 | D:2      | Reached XP level 3. HP: 22/29 MP: 4/4
  2075 | D:2      | Reached skill level 1 in Stealth
  2272 | D:2      | Gained mutation: You have a pair of antennae on your head. [demonic ancestry]
  2272 | D:2      | Reached XP level 4. HP: 35/35 MP: 5/5
  2409 | D:2      | Noticed Terence
  2422 | D:2      | Killed Terence
  2990 | D:2      | Gained mutation: You have razor-sharp toenails. [demonic ancestry]
  2990 | D:2      | Reached XP level 5. HP: 30/42 MP: 6/6
  3538 | D:3      | Reached ** piety under Lugonu
  3641 | D:3      | Killed from afar by an orc priest

Skill      XL: |  1  2  3  4  5 |
---------------+----------------+-----
Axes           | 2 |  2.2
Dodging        | 1 2 |  2.6
Armour         | 2 |  2.6
Stealth        | 1 2 |  2.0
Fighting       | |  3.7
Invocations    | |  2.6

Action                   |  1- 3 |  4- 6 || total
-------------------------+-------+-------++-------
Melee: Hand axe          |   106 |    67 ||   173
       Kick              |    12 |    17 ||    29
Invok: Depart the Abyss  |     1 |       ||     1
  Use: Potion            |       |     1 ||     1
 Stab: Sleeping          |     7 |     2 ||     9
  Eat: Chunk             |     4 |     4 ||     8
Armor: Leather armour    |    33 |       ||    33
       Scale mail        |       |    18 ||    18
Dodge: Dodged            |    94 |    60 ||   154
